 Dungeon Crawl Stone Soup version 0.30-a0-166-g5d06c95188 (webtiles) character file.

Game seed: 3348790537968133232

933 qw the Chopper (level 8, -2/49 HPs)
             Began as a Gargoyle Fighter on Sept 29, 2022.
             Was an Initiate of Okawaru.
             Slain by an ogre
             ... wielding a +0 giant spiked club
              (16 damage)
             ... on level 5 of the Dungeon.
             The game lasted 00:01:48 (4289 turns).

qw the Chopper (Gargoyle Fighter)                   Turns: 4289, Time: 00:01:48

Health: -2/49      AC: 23    Str: 22    XL:     8   Next: 11%
Magic:  8/8        EV:  8    Int:  9    God:    Okawaru [......]
Gold:   253        SH:  9    Dex:  9    Spells: 7/7 levels left

rFire   . . .      SeeInvis .    Y - +2 war axe (protect)
rCold   . . .      Faith    .    c - +0 buckler
rNeg    + . .      Spirit   .    n - +0 chain mail
rPois   inf        Reflect  +    j - +1 helmet
rElec   +          Harm     .    (no cloak)
rCorr   .          Rampage  .    (no gloves)
Will    .....                    (no boots)
Stlth   ..........               i - amulet of reflection
HPRegen 0.16/turn                (no ring)
MPRegen 0.11/turn                (no ring)

@: under a protective aura
A: sickness immunity, AC +5, negative energy resistance 1, electricity
resistance, torment resistance 1, petrification resistance
a: Renounce Religion


You were on level 5 of the Dungeon.
You worshipped Okawaru.
Okawaru was noncommittal.
You visited 2 branches of the dungeon, and saw 6 of its levels.

You collected 253 gold pieces.


Innate Abilities, Weirdness & Mutations

You are immune to sickness and miasma.
Your stone body is resilient. (AC +5)
You are immune to poison.
You resist negative energy. (rN+)
You are resistant to electric shocks. (rElec)
You are resistant to unholy torment.
You are immune to petrification.


   Skills:
 - Level 5.3 Fighting
 + Level 7.2 Axes
 - Level 3.2 Armour
 - Level 2.0 Dodging
 - Level 3.2 Shields


You had 7 spell levels left.
You didn't know any spells.
Your spell library was empty.

Inventory:

Hand Weapons
 l - a +1 flail of venom
 Y - a +2 war axe of protection (weapon)
Armour
 c - a +0 buckler (worn)
 j - a +1 helmet (worn)
 n - a +0 chain mail (worn)
Jewellery
 i - an amulet of reflection (around neck)
Scrolls
 m - 2 scrolls of teleportation
Potions
 b - a potion of curing
 d - a potion of might
 e - a potion of resistance {unknown}
 f - a potion of magic {unknown}
 g - a potion of heal wounds {unknown}
 h - a potion of haste {unknown}

Dungeon Overview and Level Annotations

Branches:
Dungeon (5/15)             Temple (1/1) D:4

Altars:
Dithmenos
Fedhas
Kikubaaqudgha
Makhleb
Nemelex Xobeh
Okawaru
Qazlal
Ru
Sif Muna
Uskayaw
Wu Jian
Yredelemnul
Zin
Lugonu

Annotations:
D:2 1 runed translucent door, Crazy Yiuf
D:3 2 transporters, qw's ghost, amateur GrFi


Message History

You hit the gnoll. The gnoll hits you but does no damage.
The gnoll closely misses you.
You hit the gnoll.
The gnoll is almost dead.
You closely miss the gnoll. The gnoll hits you with a +0 whip.
You block the gnoll's attack.
You slash the gnoll!
You kill the gnoll!
Okawaru accepts your kill.
You closely miss the gnoll. The gnoll barely misses you.
You slash the gnoll!
You kill the gnoll!
Okawaru accepts your kill.
You hit the orc. You hit the ogre.
The ogre hits you with a +0 giant spiked club.
You block the orc's attack.
You closely miss the orc.
The orc is moderately wounded.
You hit the ogre but do no damage. You block the orc's attack.
You block the ogre's attack. The orc closely misses you.
You barely miss the orc.
The orc is moderately wounded.
You hit the ogre but do no damage. The ogre closely misses you.
The orc hits you with a +0 dagger of venom.
You barely miss the orc.
The orc is moderately wounded.
You hit the ogre. The orc hits you but does no damage.
You block the ogre's attack.
You hit the ogre.
The ogre is moderately wounded.
You slash the orc!
You kill the orc!
Okawaru accepts your kill.
You slash the ogre!
The ogre is severely wounded.
The ogre hits you with a +0 giant spiked club!
You die...

##..<..## . #.......#
#........####.......#
....................#
.....########.....#..
.... ###.........
#..######...###(.###.
#...#..............
###.))@#########....
#....O)# .. #.#..)%#
.. #..#... ....###...
..#.. ....# .......
.#.h .$#.#.# # #
#.#.#.


You could see an ogre.

Vanquished Creatures
  Sigmund (D:2)
  Edmund (D:4)
  An ogre (D:5)
  A scorpion (D:5)
  A gnoll sergeant (D:5)
  An orc priest (D:4)
  4 orc wizards (D:4)
  Natasha (twice) (D:2)
  Robin (D:3)
  5 adders
  11 gnolls
  An ufetubus (D:5)
  6 dart slugs
  12 orcs
  5 ball pythons
  5 bats
  6 endoplasms
  3 giant cockroaches (D:2)
  16 goblins
  9 hobgoblins
  13 jackals
  2 quokkas (D:1)
  2 frilled lizards
  7 kobolds
  4 rats
120 creatures vanquished.

Notes
Turn   | Place    | Note
-------+----------+-------------------------------------------
     0 | D:1      | qw the Gargoyle Fighter began the quest for the Orb.
     0 | D:1      | Reached XP level 1. HP: 14/14 MP: 1/1
     0 | D:1      | 0 ||| qw: Version: 0.2-a-12-gaebbb33
     0 | D:1      | 0 ||| qw: Game counter: 1050
     0 | D:1      | 0 ||| qw: Always use a shield: true
     0 | D:1      | 0 ||| qw: God list: Okawaru
     0 | D:1      | 0 ||| qw: Allow faded altars: false
     0 | D:1      | 0 ||| qw: Do Orc after D:15 true
     0 | D:1      | 0 ||| qw: Do second Lair branch before Depths: true
     0 | D:1      | 0 ||| qw: Lair rune preference: random
     0 | D:1      | 0 ||| qw: Plans: Normal, Zot:1-4, God:TSO, Crypt, Tomb,
                  | Pan, Slime:5, Hells, Abyss, Orb
     0 | D:1      | 0 ||| PLANNING D:1-11
    51 | D:1      | Reached skill level 2 in Axes
   150 | D:1      | Found a faded altar of an unknown god.
   192 | D:1      | Reached XP level 2. HP: 19/19 MP: 2/2
   856 | D:1      | 856 ||| Stepping ~*~*~tactically~*~*~ (stealth).
   920 | D:1      | Reached skill level 3 in Axes
  1026 | D:1      | 1026 ||| UPGRADING to +0 chain mail.
  1036 | D:1      | 1036 ||| DROPPING +0 scale mail.
  1037 | D:1      | 1037 ||| READING scroll labelled ZOMELEOM ICZY.
  1038 | D:1      | 1038 ||| READING scroll labelled XAQEAN CALINT.
  1039 | D:1      | 1039 ||| READING scroll labelled XESEMNERAE.
  1040 | D:1      | 1040 ||| READING scroll labelled PEISMY SIKLYESS.
  1041 | D:1      | 1041 ||| READING scroll labelled KAEDYD FUUTRAS.
  1042 | D:1      | 1042 ||| READING scroll labelled VUWIRGHAU GUCA.
  1043 | D:1      | 1043 ||| READING scroll labelled VYIWES QES.
  1069 | D:2      | 1069 ||| Stepping ~*~*~tactically~*~*~ (hiding).
  1075 | D:2      | Reached XP level 3. HP: 23/23 MP: 3/3
  1197 | D:2      | Found a runed translucent door.
  1198 | D:2      | Noticed Crazy Yiuf
  1216 | D:2      | Noticed Sigmund
  1217 | D:2      | 1217 ||| Stepping ~*~*~tactically~*~*~ (hiding).
  1224 | D:2      | Killed Sigmund
  1225 | D:2      | Reached skill level 5 in Axes
  1225 | D:2      | Reached XP level 4. HP: 27/28 MP: 4/4
  1225 | D:2      | Reached XP level 5. HP: 31/32 MP: 5/5
  1322 | D:2      | Reached XP level 6. HP: 31/38 MP: 6/6
  1375 | D:2      | 1375 ||| DROPPING +0 club.
  1426 | D:2      | Noticed Natasha
  1427 | D:2      | 1427 ||| Stepping ~*~*~tactically~*~*~ (hiding).
  1441 | D:2      | Killed Natasha
  1502 | D:2      | 1502 ||| Stepping ~*~*~tactically~*~*~ (stealth).
  1504 | D:2      | 1504 ||| Stepping ~*~*~tactically~*~*~ (hiding).
  1695 | D:2      | 1695 ||| DROPPING +0 whip.
  1811 | D:2      | Noticed Natasha
  1812 | D:2      | 1812 ||| Stepping ~*~*~tactically~*~*~ (stealth).
  1814 | D:2      | 1814 ||| Stepping ~*~*~tactically~*~*~ (hiding).
  1819 | D:2      | Killed Natasha
  1887 | D:2      | Found a sparkling altar of Nemelex Xobeh.
  1973 | D:2      | 1973 ||| READING scroll labelled IBREJ VOBLAN.
  2009 | D:3      | Found a transporter.
  2012 | D:3      | Noticed qw's ghost (amateur GrFi)
  2022 | D:3      | Found a burning altar of Makhleb.
  2050 | D:3      | 2050 ||| Stepping ~*~*~tactically~*~*~ (stealth).
  2075 | D:3      | Found a stormy altar of Qazlal.
  2134 | D:3      | Found a transporter.
  2256 | D:3      | 2256 ||| Stepping ~*~*~tactically~*~*~ (stealth).
  2257 | D:3      | 2257 ||| Stepping ~*~*~tactically~*~*~ (stealth).
  2298 | D:3      | Noticed Robin
  2305 | D:3      | Killed Robin
  2354 | D:3      | Found a shimmering blue altar of Sif Muna.
  2735 | D:3      | 2735 ||| UPGRADING to +0 helmet.
  2740 | D:3      | 2740 ||| UPGRADING to amulet of reflection.
  2745 | D:3      | 2745 ||| READING scroll labelled COFUOXIOLUEG.
  2768 | D:4      | 2768 ||| STAIRDANCE
  2789 | D:4      | Noticed Edmund
  2790 | D:4      | 2790 ||| Stepping ~*~*~tactically~*~*~ (stealth).
  2806 | D:4      | Reached skill level 6 in Axes
  2820 | D:4      | HP: 9/38 [Edmund/+0 dire flail of protection (2)]
  2831 | D:4      | Killed Edmund
  2832 | D:4      | Reached XP level 7. HP: 9/43 MP: 7/7
  2905 | D:4      | 2905 ||| FLEEEEING.
  2906 | D:4      | 2906 ||| FLEEEEING.
  2908 | D:4      | 2908 ||| STAIRDANCE
  3072 | D:4      | 3072 ||| Stepping ~*~*~tactically~*~*~ (hiding).
  3073 | D:4      | 3073 ||| Stepping ~*~*~tactically~*~*~ (hiding).
  3121 | D:4      | 3121 ||| Stepping ~*~*~tactically~*~*~ (stealth).
  3142 | D:4      | 3142 ||| Stepping ~*~*~tactically~*~*~ (stealth).
  3142 | D:4      | Found a staircase to the Ecumenical Temple.
  3143 | D:4      | 3143 ||| PLANNING TEMPLE
  3155 | Temple   | Entered the Ecumenical Temple
  3165 | Temple   | 3165 ||| PLANNING OKAWARU WORSHIP
  3203 | Temple   | Became a worshipper of Warmaster Okawaru
  3204 | Temple   | 3204 ||| PLANNING D:1-11
  3350 | D:4      | HP: 9/43 [orc priest/divine providence (10)]
  3366 | D:4      | HP: 8/43 [something (3)]
  3613 | D:4      | 3613 ||| DROPPING +0 flail.
  3697 | D:4      | 3697 ||| Stepping ~*~*~tactically~*~*~ (hiding).
  4020 | D:4      | Found a sacrificial altar of Ru.
  4131 | D:4      | 4131 ||| READING scroll of enchant weapon.
  4131 | D:4      | 4131 ||| ENCHANTING +1 war axe of protection.
  4141 | D:4      | Found a glowing silver altar of Zin.
  4146 | D:4      | 4146 ||| READING 2 scrolls labelled YKUHA LONNICU.
  4147 | D:4      | 4147 ||| READING scroll of enchant armour.
  4147 | D:4      | 4147 ||| ENCHANTING +0 helmet.
  4148 | D:4      | 4148 ||| READING 2 scrolls labelled UTUERPH HAEJATSAI.
  4149 | D:4      | 4149 ||| DRINKING 2 amethyst potions.
  4150 | D:4      | 4150 ||| DROPPING scroll of poison.
  4174 | D:5      | Entered Level 5 of the Dungeon
  4191 | D:5      | Reached skill level 7 in Axes
  4276 | D:5      | Reached XP level 8. HP: 27/48 MP: 8/8
  4280 | D:5      | 4280 ||| Stepping ~*~*~tactically~*~*~ (stealth).
  4289 | D:5      | Slain by an ogre

Levels and vault maps discovered:
D:1:      dpeg_arrival_stone_temple_mockup, layout_loops_ring,
          ebering_ecumenical_altar_petrified
D:2:      layout_basic, basic_altar, guppyfry_early_orc_mine, uniq_natasha,
          uniq_sigmund, uniq_crazy_yiuf_cottage
D:3:      layout_basic, grunt_qazlal_clouds, mainiacjoe_overflow_boulevard,
          mainiacjoe_overflow_concentric_impassable, gammafunk_ghost_stat_death,
          amcnicky_mini_pool_small, minmay_box_of_dots, uniq_robin
D:4:      layout_rooms, nicolae_ru_sacrificial_ziggurat, zin_scriptorium,
          minmay_temple_entry_waves, minmay_misc_feat_doors,
          kennysheep_decorative_pillar, uniq_edmund
D:5:      layout_rooms, grunt_temple_overflow_open
Temple:   corrupted_temple

Skill      XL: |  1  2  3  4  5  6  7  8 |
---------------+-------------------------+-----
Axes           | 2 3 5 6 7 |  7.2
Fighting       | 4 5 |  5.3
Dodging        | 2 |  2.0
Armour         | |  3.2
Shields        | |  3.2

Action                   |  1- 3 |  4- 6 |  7- 9 || total
-------------------------+-------+-------+-------++-------
Melee: War axe           |    60 |   218 |    86 ||   364
  Use: Scroll            |     7 |     2 |     4 ||    13
       Potion            |       |       |     1 ||     1
Armor: Scale mail        |    33 |       |       ||    33
       Chain mail        |     2 |   162 |    70 ||   234
Dodge: Dodged            |    24 |    99 |    18 ||   141
Block: Buckler           |     7 |    55 |    51 ||   113
       Reflection        |       |       |     1 ||     1

Table legend:
 A = Non-vault XP
 B = Vault XP
 C = Vault XP percentage of total XP
 D = Non-vault monster count
 E = Vault monster count
 F = Vault count percentage of total count
                 A         B        C        D         E       F
            +---------+---------+-------+---------+---------+-------
      Total |     880 |     453 |  34.0 |      96 |      24 |  20.0
            +---------+---------+-------+---------+---------+-------
        D:1 |      31 |       0 |   0.0 |      17 |       0 |   0.0
        D:2 |     145 |     265 |  64.6 |      25 |       9 |  26.5
        D:3 |      36 |      39 |  52.0 |      14 |      14 |  50.0
        D:4 |     259 |     149 |  36.5 |      26 |       1 |   3.7
        D:5 |     409 |       0 |   0.0 |      14 |       0 |   0.0
            +---------+---------+-------+---------+---------+-------
